 Dungeon Crawl Stone Soup version 0.29.1-15-g9cfb28693d (webtiles) character file.

Game seed: 1780518936723541139

2181 Descartes the Blocker (level 9, -1/71 HPs)
             Began as a Formicid Fighter on Apr 2, 2023.
             Was an Initiate of Gozag.
             Slain by an ogre
             ... wielding a +0 giant club
              (19 damage)
             ... on level 7 of the Dungeon.
             The game lasted 00:13:29 (7981 turns).

Descartes the Blocker (Formicid Fighter)            Turns: 7981, Time: 00:13:30

Health: -1/71      AC: 18    Str: 25    XL:     9   Next: 58%
Magic:  9/9        EV:  7    Int:  8    God:    Gozag
Gold:   255        SH:  6    Dex: 13    Spells: 8/8 levels left

rFire   . . .      SeeInvis +   a - +0 war axe
rCold   . . .      Faith    .   c - +0 buckler
rNeg    . . .      Spirit   .   n - +2 plate armour
rPois   .          Reflect  .   (helmet unavailable)
rElec   .          Harm     .   C - scarf {shadows}
rCorr   .          Rampage  .   y - +2 pair of gloves
Will    .....                   (no boots)
Stlth   ..........              (no amulet)
HPRegen 0.21/turn               (no ring)
MPRegen 0.11/turn               (no ring)

@: gold aura
A: permanent stasis, dig shafts and tunnels, antennae 3, four strong arms
a: Dig, Shaft Self, Renounce Religion, Potion Petition, Call Merchant, Bribe
Branch


You were on level 7 of the Dungeon.
You worshipped Gozag.
Gozag was aware of your devotion.
You visited 2 branches of the dungeon, and saw 8 of its levels.

You collected 492 gold pieces.
You spent 148 gold pieces at shops.
You paid 89 gold pieces to Gozag.

Inventory:

Hand Weapons
 a - a +0 war axe (weapon)
Missiles
 f - 2 silver boomerangs
 m - 10 poisoned darts
 w - 3 boomerangs
Armour
 c - a +0 buckler (worn)
 n - a +2 plate armour (worn)
 y - a +2 pair of gloves (worn)
 C - a scarf of shadows (worn)
Wands
 b - a wand of mindburst (5)
 d - a wand of roots (4)
Scrolls
 e - 12 scrolls of identify
 h - 2 scrolls of fog {unknown}
 i - 3 scrolls of amnesia {unknown}
 j - 5 scrolls of teleportation {unknown}
 k - a scroll of enchant weapon {unknown}
 l - 2 scrolls of acquirement {unknown}
 q - 2 scrolls of poison {unknown}
 B - 2 scrolls of noise {unknown}
 D - a scroll of fear {unknown}
 E - 3 scrolls of immolation
 F - a scroll of vulnerability {unknown}
 G - 3 scrolls of blinking {unknown}
Potions
 g - a potion of lignification
 o - a potion of invisibility {unknown}
 p - a potion of brilliance {unknown}
 r - 2 potions of attraction {unknown}
 s - 3 potions of haste {unknown}
 t - 2 potions of ambrosia
 u - a potion of heal wounds {unknown}
 v - a potion of flight {unknown}
 x - a potion of mutation {unknown}
 z - 2 potions of curing {unknown}
 A - a potion of degeneration {unknown}
 H - a potion of berserk rage {unknown}


   Skills:
 + Level 6.8 Fighting
 + Level 5.7 Axes
 + Level 6.7 Armour
 + Level 8.1 Shields
 + Level 6.2 Earth Magic


You had 8 spell levels left.
You didn't know any spells.
Your spell library contained the following spells:

 Spells                   Type           Power      Damage    Failure   Level
 Foxfire                  Conj/Fire      0%         2x1d4     100%        1
 Sting                    Tmut/Pois      0%         1d3       100%        1
 Poisonous Vapours        Pois/Air       0%         N/A       100%        2
 Conjure Flame            Conj/Fire      0%         6-21      100%        3
 Inner Flame              Hex/Fire       0%         N/A       100%        3
 Cause Fear               Hex            0%         N/A       100%        4
 Flame Wave               Conj/Fire      0%         2d4       100%        4
 Hailstorm                Conj/Ice       0%         3d3       100%        4
 Olgreb's Toxic Radiance  Pois           0%         N/A       100%        4
 Yara's Violent Unravell  Hex/Tmut       0%         3d3       100%        5


Dungeon Overview and Level Annotations

Branches:
Dungeon (7/15)             Temple (1/1) D:6

Altars:
Ashenzari
Cheibriados
Fedhas
Gozag
Hepliaklqana
Kikubaaqudgha
Makhleb
Nemelex Xobeh
Okawaru
Qazlal
Ru
Sif Muna
Trog
Uskayaw
Vehumet
Wu Jian
Zin

Shops:
D:6 ([(?


Innate Abilities, Weirdness & Mutations

You cannot be hasted, slowed, berserked, paralysed or teleported.
You can dig through walls and to a lower floor.
You have a pair of large antennae on your head. (SInv)
Your four strong arms can wield two-handed weapons with a shield.


Message History

You slash the orc warrior!
The orc warrior is moderately wounded.
The orc warrior hits you with a +0 trident.
You block the orc warrior's attack.
You barely miss the orc warrior.
The orc warrior is moderately wounded.
The orc warrior hits you with a +0 trident!
You hit the orc warrior but do no damage.
The orc warrior is moderately wounded.
You block the orc warrior's attack.
An ogre comes into view. It is wielding a +0 giant club.
You slash the orc warrior!
The orc warrior is almost dead.
You block the orc warrior's attack.
You hit the orc warrior but do no damage.
The orc warrior is almost dead.
You block the orc warrior's attack. x2
You barely miss the orc warrior.
The orc warrior is almost dead.
The orc warrior hits you with a +0 trident!
You hit the orc warrior but do no damage.
The orc warrior is almost dead.
The orc warrior hits you with a +0 trident.
You closely miss the orc warrior.
The orc warrior is almost dead.
You slash the ogre!
The orc warrior hits you with a +0 trident.
The ogre hits you with a +0 giant club!!
* * * LOW HITPOINT WARNING * * *
You barely miss the orc warrior.
The orc warrior is almost dead.
You hit the ogre but do no damage. The orc warrior barely misses you.
The ogre barely misses you.
Unknown command.
You slash the orc warrior!
You kill the orc warrior!
You hit the ogre.
The ogre hits you with a +0 giant club!!
You die...
Your body crumbles into a pile of gold.

........###.............###....
.....#.####...............##.##.
.......# ###.#.....####........
#.#........#.....###
#...##..##..#..####<
#..###.........####.
######.#............
#$...#............
#@####...........#
#....$O..##...........#
##....##.............## #....
.....#....#... #.....
..####.#.##... ...... ..# #..
... #....# .# #.


You could see an ogre.

Vanquished Creatures
  A wyvern (D:7)
  Eustachio (D:4)
  2 orc warriors (D:7)
  2 ice beasts
  A black bear (D:6)
  2 ogres
  A centaur (D:5)
  The ghost of zalupaa the Shooter, an amateur SpHu (D:3)
  2 bullfrogs
  A necrophage (D:4)
  4 scorpions
  A hound (D:6)
  A jelly (D:5)
  3 orc priests
  Natasha (thrice) (D:2)
  3 iguanas
  7 orc wizards
  A scorpion simulacrum (D:3)
  7 gnolls
  9 adders
  A hound simulacrum (D:3)
  2 white imps
  3 ufetubi
  2 worms (D:2)
  A dart slug (D:3)
  2 adder simulacra (D:3)
  21 orcs
  8 ball pythons
  5 endoplasms
  4 giant cockroaches
  10 goblins
  A hobgoblin (D:2)
  5 jackals
  3 quokkas (D:4)
  3 bats
  4 frilled lizards
  7 kobolds
  A rat (D:2)
136 creatures vanquished.

Notes
Turn   | Place    | Note
-------+----------+-------------------------------------------
     0 | D:1      | Descartes the Formicid Fighter began the quest for the Orb.
     0 | D:1      | Reached XP level 1. HP: 18/18 MP: 1/1
   104 | D:1      | Reached XP level 2. HP: 17/24 MP: 2/2
   437 | D:1      | Reached skill level 1 in Earth Magic
   619 | D:2      | Noticed Natasha
   621 | D:2      | Reached XP level 3. HP: 29/29 MP: 3/3
   628 | D:2      | Killed Natasha
   834 | D:2      | Reached XP level 4. HP: 31/37 MP: 4/4
  1056 | D:2      | Reached XP level 5. HP: 39/42 MP: 5/5
  1305 | D:2      | Noticed Natasha
  1310 | D:2      | Killed Natasha
  1322 | D:2      | Noticed Natasha
  1329 | D:2      | Killed Natasha
  1429 | D:2      | Found a faded altar of an unknown god.
  1622 | D:2      | Reached skill level 5 in Shields
  1628 | D:2      | Reached XP level 6. HP: 26/48 MP: 6/6
  2087 | D:3      | Found a runed translucent gate.
  2087 | D:3      | Found a runed translucent gate.
  2087 | D:3      | Found a runed translucent gate.
  3274 | D:3      | Noticed zalupaa's ghost (amateur SpHu)
  3290 | D:3      | Killed zalupaa's ghost
  3399 | D:3      | Reached XP level 7. HP: 46/55 MP: 7/7
  4119 | D:4      | Reached skill level 5 in Fighting
  4119 | D:4      | Reached skill level 5 in Armour
  4119 | D:4      | Reached skill level 6 in Shields
  4194 | D:4      | Noticed Eustachio
  4234 | D:4      | HP: 3/84 [poisoned by a scorpion]
  4235 | D:4      | HP: 1/84 [scorpion (5)]
  4240 | D:4      | Reached XP level 8. HP: 20/62 MP: 8/8
  4629 | D:4      | Killed Eustachio
  4898 | D:4      | Found a sparkling altar of Nemelex Xobeh.
  5038 | D:5      | Entered Level 5 of the Dungeon
  5731 | D:5      | Reached skill level 7 in Shields
  5731 | D:5      | Reached skill level 5 in Earth Magic
  6310 | D:5      | Found a sacrificial altar of Ru.
  6310 | D:5      | Found a blossoming altar of Fedhas.
  6401 | D:6      | Reached skill level 5 in Axes
  6401 | D:6      | Reached XP level 9. HP: 69/69 MP: 9/9
  6415 | D:6      | Found Mucump's Armour Emporium.
  6495 | D:6      | Found Yziah's Magic Scroll Shoppe.
  6533 | D:6      | Found a staircase to the Ecumenical Temple.
  6590 | Temple   | Entered the Ecumenical Temple
  6664 | Temple   | Became a worshipper of Gozag Ym Sagoz the Greedy
  6797 | D:6      | Bought a scroll of enchant armour for 82 gold pieces
  6797 | D:6      | Bought a scroll of identify for 22 gold pieces
  6797 | D:6      | Bought a scroll of immolation for 44 gold pieces
  7021 | D:6      | Found Solol's Weapon Boutique.
  7089 | D:6      | Found Jur Yffohist's Antique Weapon Boutique.
  7482 | D:7      | HP: 2/71 [orc warrior/+0 trident (10)]
  7804 | D:7      | Reached skill level 8 in Shields
  7895 | D:7      | Got Tygyp's Guide on Glaciation and Spellbinding
  7981 | D:7      | Slain by an ogre

Illustrated notes

Levels and vault maps discovered:
D:1:      eino_arrival_water_cross, layout_rooms
D:2:      layout_basic, hellmonk_ecumenical_altar_inner_sanctum,
          hex_intersection, uniq_natasha
D:3:      layout_basic, gammafunk_ghost_icy, hangedman_decor_slide_cut
D:4:      layout_rooms, mainiacjoe_overflow_surrounded_room,
          nicolae_concentric_dashed_squares_wild, st_stairs_11,
          reono_crystal_passage, uniq_eustachio
D:5:      layout_rooms, gammafunk_temple_overflow_wave
D:6:      layout_loops_cross, minmay_temple_entry_ruins, serial_shops,
          kennysheep_mini_moat, nicolae_shop_statue_plus,
          nicolae_shop_behind_doors, nicolae_shop_hallway_stairs
D:7:      layout_rooms, chequers_decorated_corner
Temple:   eino_temple_lava

Skill      XL: |  1  2  3  4  5  6  7  8  9 |
---------------+----------------------------+-----
Earth Magic    | 1 2 3 4 5 6 |  6.2
Fighting       | 4 5 6 |  6.8
Armour         | 4 5 6 |  6.7
Axes           | 3 4 5 |  5.7
Shields        | 5 6 7 8 |  8.1

Action                   |  1- 3 |  4- 6 |  7- 9 || total
-------------------------+-------+-------+-------++-------
Melee: War axe           |    52 |   131 |   294 ||   477
  Use: Potion            |       |       |     6 ||     6
       Scroll            |       |       |     2 ||     2
Armor: Scale mail        |    14 |       |       ||    14
       Plate armour      |    16 |   111 |   254 ||   381
       Skin              |       |       |    13 ||    13
Dodge: Dodged            |    17 |    38 |   122 ||   177
Block: Buckler           |    14 |    30 |   107 ||   151
